 Dungeon Crawl Stone Soup version 0.30-a0-4-ga7cffc901d (webtiles) character file.

Game seed: 13788759953729766399

146609 porpoise the Warrior (level 16, -1/122 HPs)
             Began as a Demonspawn Gladiator on Aug 20, 2022.
             Was the Champion of Hepliaklqana.
             Slain by a water elemental (4 damage)
             ... on level 1 of the Shoals.
             The game lasted 02:28:46 (34225 turns).

porpoise the Warrior (Demonspawn Gladiator)        Turns: 34225, Time: 02:28:46

Health: -1/122     AC: 29    Str: 27    XL:     16   Next: 90%
Magic:  25/25      EV: 13    Int: 16    God:    Hepliaklqana [******]
Gold:   1647       SH:  0    Dex: 16    Spells: 23/25 levels left

rFire   + . .      SeeInvis +    a - +5 broad axe of Urgency {drain, Str+3 Stlth+}
rCold   + . .      Faith    .    (no shield)
rNeg    . . .      Spirit   .    N - +5 storm dragon scales {Bai Suzhen}
rPois   .          Reflect  .    P - +1 helmet
rElec   +          Harm     .    z - +1 cloak {Stlth+}
rCorr   .          Rampage  .    (gloves unavailable)
Will    ++...                    q - +0 pair of boots
Stlth   ..........               (no amulet)
HPRegen 0.30/turn                Z - ring of flight
MPRegen 0.19/turn                u - ring of the Moon {Will+ Str+6 Int+3 SInv}

@: lethally poisoned (-1 -> -74), marked, flying, studying Dodging
A: reduced essence, molten scales 3, ignite blood 2, spiny 1, demonic touch 3,
cold resistance 1, noise suppression
a: Renounce Religion, Recall Ancestor, Ancestor Identity, Transference, Idealise


You were on level 1 of the Shoals.
You worshipped Hepliaklqana.
Hepliaklqana was exalted by your worship.
You visited 6 branches of the dungeon, and saw 27 of its levels.
You also visited: Gauntlet.

You collected 3229 gold pieces.
You spent 1582 gold pieces at shops.

Inventory:

Hand Weapons
 a - the +5 broad axe of Urgency (weapon) {drain, Str+3 Stlth+}
   (You bought it in a shop on level 2 of the Orcish Mines)

   A truly terrible weapon, it drains the life of any living foe it strikes.
   Str:       It affects your strength (+3).
   Stlth:     It makes you more stealthy.
 b - the +10 sling of Objectivity {flame, *Slow rElec rC+++ Dex+2}
   (You found it on level 2 of the Lair of Beasts)

   Any ammunition fired from it burns those it strikes, dealing additional fire
   damage.
   Dex:       It affects your dexterity (+2).
   rC:        It renders you almost immune to cold.
   rElec:     It insulates you from electricity.
   *Slow:     It may slow you when you take damage.
 W - a +2 trident of venom
Missiles
 r - 7 curare-tipped darts (quivered)
 t - 5 atropa-tipped darts
Armour
 q - a +0 pair of boots (worn)
 z - a +1 cloak of stealth (worn)
 N - +5 storm dragon scales (worn) {Bai Suzhen}
 P - a +1 helmet (worn)
Jewellery
 c - a ring of see invisible
 j - a ring of poison resistance
 k - a ring of resist corrosion
 u - the ring of the Moon (right hand) {Will+ Str+6 Int+3 SInv}
   (You bought it in a shop on level 2 of the Orcish Mines)

   [ring of strength]

   Str:       It affects your strength (+6).
   Int:       It affects your intelligence (+3).
   SInv:      It lets you see invisible.
   Will:      It increases your willpower.
 B - a ring of protection from fire
 U - a ring of protection from cold
 Z - a ring of flight (left hand)
Wands
 y - a wand of flame (22)
 C - a wand of mindburst (31)
 E - a wand of polymorph (13)
 H - a wand of roots (10)
 I - a wand of quicksilver (2)
 S - a wand of digging (1)
Scrolls
 e - 2 scrolls of vulnerability
 f - 10 scrolls of identify
 m - 3 scrolls of blinking
 p - 6 scrolls of teleportation
 v - a scroll of silence
 A - 3 scrolls of poison
 M - a scroll of fear
 T - 5 scrolls of fog
Potions
 g - 6 potions of attraction
 h - 7 potions of curing
 i - 4 potions of lignification
 n - 4 potions of might
 x - a potion of resistance
 F - 3 potions of invisibility
 K - 5 potions of haste
 Q - a potion of cancellation
Miscellaneous
 J - a condenser vane
 O - a box of beasts (inert)


   Skills:
 - Level 15.0 Fighting
 + Level 5.2(10.5) Axes
 - Level 14.0(14.3) Polearms
 * Level 7.7 Ranged Weapons
 - Level 1.7 Throwing
 - Level 10.0 Armour
 - Level 10.0 Dodging
 - Level 5.0 Spellcasting
 + Level 6.1 Transmutations
 - Level 12.0 Invocations
 - Level 9.0 Evocations


You had 23 spell levels left.
You knew the following spells:

 Your Spells              Type           Power      Damage    Failure   Level
w - Wereblood             Tmut           23%        N/A       9%          2

Your spell library contained the following spells:

 Spells                   Type           Power      Damage    Failure   Level
 Beastly Appendage        Tmut           46%        N/A       5%          1
 Spider Form              Tmut/Pois      13%        N/A       52%         3
 Foxfire                  Conj/Fire      16%        2x1d4     56%         1
 Slow                     Hex            16%        N/A       56%         1
 Summon Small Mammal      Summ           16%        N/A       56%         1
 Ensorcelled Hibernation  Hex/Ice        8%         N/A       71%         2
 Static Discharge         Conj/Air       4%         3-4/arc   71%         2
 Blade Hands              Tmut           11%        N/A       83%         5
 Call Canine Familiar     Summ           4%         N/A       90%         3
 Confusing Touch          Hex            4%         N/A       90%         3
 Conjure Flame            Conj/Fire      4%         6-21      90%         3
 Dazzling Flash           Conj/Hex       8%         N/A       90%         3
 Gell's Gravitas          Tloc           4%         N/A       90%         3
 Inner Flame              Hex/Fire       4%         N/A       90%         3
 Lesser Beckoning         Tloc           4%         N/A       90%         3
 Portal Projectile        Hex/Tloc       8%         N/A       90%         3
 Summon Guardian Golem    Hex/Summ       4%         N/A       90%         3
 Teleport Other           Tloc           4%         N/A       90%         3
 Tukima's Dance           Hex            4%         N/A       90%         3
 Alistair's Intoxication  Tmut/Pois      8%         N/A       99%         5
 Yara's Violent Unravell  Hex/Tmut       6%         3d5       99%         5
 Anguish                  Hex/Necr       2%         N/A       100%        4
 Animate Dead             Necr           4%         N/A       100%        4
 Corpse Rot               Necr/Pois/Air  4%         N/A       100%        4
 Dispel Undead            Necr           4%         3d7       100%        4
 Flame Wave               Conj/Fire      4%         2d5       100%        4
 Iskenderun's Mystic Bla  Conj/Tloc      4%         2d3       100%        4
 Agony                    Necr           4%         N/A       100%        5
 Borgnjor's Vile Clutch   Necr/Erth      2%         N/A       100%        5
 Fireball                 Conj/Fire      2%         3d4       100%        5
 Iskenderun's Battlesphe  Conj           4%         2d6       100%        5
 Lightning Bolt           Conj/Air       2%         1d13      100%        5
 Silence                  Hex/Air        2%         N/A       100%        5
 Conjure Ball Lightning   Conj/Air       2%         3x3d6     100%        6
 Death Channel            Necr           2%         N/A       100%        6
 Eringya's Noxious Bog    Tmut/Pois      6%         N/A       100%        6
 Starburst                Conj/Fire      2%         6d3       100%        6
 Enfeeble                 Hex            2%         N/A       100%        7
 Orb of Destruction       Conj           2%         9d5       100%        7
 Maxwell's Capacitive Co  Air            2%         ∞         100%        8


Dungeon Overview and Level Annotations

Branches:
Dungeon (15/15)            Temple (1/1) D:6            Lair (5/5) D:10
 Shoals (1/4) Lair:2        Snake (3/4) Lair:2        Slime (0/5) Lair:5
    Orc (2/2) D:11            Elf (0/3) Orc:2        Vaults (0/5) D:13
 Depths (0/4) D:15        Gauntlet (visited)

Altars:
Ashenzari
Cheibriados
Dithmenos
Fedhas
Gozag
Hepliaklqana
Kikubaaqudgha
Makhleb
Nemelex Xobeh
Okawaru
Qazlal
Ru
Sif Muna
Trog
Uskayaw
Vehumet
Wu Jian
Xom
Yredelemnul
Jiyva

Shops:
D:9 *   D:10 :   D:11 (   D:15 **   Orc:2 [(*?   Snake:3 [

Annotations:
D:1 1 transporter
D:5 exclusion: downstairs
Snake:3 Vashnia


Innate Abilities, Weirdness & Mutations

Your life essence is reduced to manifest your ancestor. (-10% HP)
You are completely covered in molten scales. (AC +4, rF+)
Your demonic aura often causes spilled blood to erupt in flames.
You are partially covered in sharp spines.
Your touch may irresistibly damage your foes and sap their willpower.
Your flesh is cold resistant. (rC+)
You passively dampen the noise of your surroundings.


Message History

The water nymph points at you and mumbles some strange words.
The water rises up and strikes you!!
Nikki points at the sea snake and mumbles some strange words.
The bolt of magma hits the sea snake!
The sea snake bites you but does no damage.
The sea snake is engulfed in a cloud of scalding steam.
The sea snake completely misses you. The sea snake bites you!
You are poisoned.
The sea snake poisons you!
You are too injured to fight recklessly!
Unknown command.
Unknown command.
You are too injured to fight recklessly!
Unknown command.
You miss the sea snake. You punch the sea snake.
The sea snake is moderately wounded.
You barely miss the sea snake. You slash the sea snake!
You feel extremely sick. The sea snake closely misses you.
Nikki casts a spell at the sea snake.
The bolt of magma hits the sea snake!!
The sea snake dies!
The water nymph gestures at you while chanting.
The water rises up and strikes you!
* * * LOW HITPOINT WARNING * * *
The sea snake bites you.
* * * LOW HITPOINT WARNING * * *
You are more poisoned.
The sea snake poisons you!
The water elemental is struck by your spines.
The water elemental barely misses you.
As you read the scroll of fear, it crumbles to dust.
You assume a fearsome visage.
The sea snake looks frightened! x2
The water nymph looks frightened!
The merfolk looks frightened!
The wind drake looks frightened!
The water elemental is unaffected.
* * * LOW HITPOINT WARNING * * *
You feel extremely sick.
A snapping turtle comes into view.
The water elemental hits you.
You die...

..~≈~~~≈≈≈~.t#
~~~~~~~≈≈≈~..#
~~~~~≈≈≈≈≈~..###...
~.~~~≈≈≈≈≈~~.......#.~~.
.~~~≈≈≈≈≈≈~~m........~..
.~~~≈≈≈≈≈≈≈~~~~~~~~..~~~
....≈≈ER≈≈≈≈~~~~~~~~~~~~
....k≈≈@§≈≈≈≈~.....~~~~~
....~≈≈≈§≈~~~~...)..~~.~
...~S≈≈§§§~..~....).....
....~≈~§§§......†..##...
.~.S~~~.............#...
~~..~~~...###....!......
~$~..~~....##)..........
m~~...~~~..<.....(......
..~..~~~~.........##....


You could see the friendly Nikki the battlemage, 2 sea snakes, a snapping
turtle, a wind drake (repels missiles, fleeing), a merfolk (fleeing), a water
elemental and a water nymph (fleeing).

Vanquished Creatures
  Bai Suzhen (Snake:2)
  Gastronok (Lair:1)
  Agnes (D:15)
  Kirke (D:14)
  An orc warlord (Orc:1)
  A stone giant (D:15)
  A minotaur (Gauntlet)
  Snorg (D:12)
  A merfolk impaler (Shoals:1)
  4 vault guards (D:13)
  A salamander tyrant (Snake:2)
  An ogre mage (D:15)
  2 catoblepae
  5 hydras
  A merfolk avatar (Lair:5)
  2 boulder beetles
  A death knight (D:13)
  3 anacondas
  2 centaur warriors
  4 two-headed ogres
  7 naga warriors
  5 tengu warriors
  17 death yaks (Lair:5)
  3 orc high priests
  4 shock serpents
  A wretched star (Gauntlet)
  3 skeletal warriors (D:14)
  2 sea snakes
  A wizard (D:15)
  Pikel (D:6)
  2 naga ritualists (Snake:1)
  2 lindwurms
  A deep elf archer (Orc:1)
  6 orc knights
  A harpy (Shoals:1)
  5 deep elf pyromancers
  A mana viper (Snake:2)
  A faun (Shoals:1)
  An orc sorcerer (Orc:1)
  6 manticores
  7 salamanders
  3 ugly things
  3 cyclopes
  8 elephants
  16 black mambas
  5 naga magi
  2 merfolk sirens (Shoals:1)
  A gargoyle (D:12)
  5 cane toads
  4 kobold demonologists
  3 rime drakes
  An efreet (Gauntlet)
  6 komodo dragons
  7 trolls
  A queen bee (Gauntlet)
  2 polar bears (Lair:5)
  4 hornets
  A merfolk (Shoals:1)
  A wolf spider simulacrum (D:14)
  4 slime creatures
  4 dream sheep (Lair:5)
  18 blink frogs
  2 shadows
  38 yaks
  3 meliai zombies (D:14)
  5 wyverns
  A small abomination (Gauntlet)
  A water elemental (Shoals:1)
  2 steam dragons (Lair:5)
  2 fire elementals (Gauntlet)
  4 hogs (D:14)
  2 basilisks
  A neqoxec (Gauntlet)
  A vampire mosquito (D:14)
  8 nagas
  An acid dragon (D:8)
  2 wargs (Orc:1)
  5 water moccasins
  2 hell hounds (Gauntlet)
  2 black bears (D:5)
  17 orc warriors
  A sky beast (D:8)
  8 ogres
  4 centaurs
  13 wolves
  2 phantoms
  A lemure (D:6)
  A kobold brigand (D:6)
  14 bullfrogs
  4 gnoll sergeants
  7 necrophages
  2 scorpions (D:6)
  9 killer bees
  6 electric eels
  3 howler monkeys
  8 centaur zombies
  6 orc priests
  Crazy Yiuf (D:7)
  4 jellies
  18 hounds
  A scorpion zombie (D:4)
  A gnoll bouda (D:7)
  5 iguanas
  Natasha (twice) (D:3)
  19 orc wizards
  4 hell rats (Lair:3)
  17 gnolls
  13 adders
  A white imp (D:4)
  An adder zombie (D:4)
  4 worms
  4 dart slugs
  64 orcs
  3 ball pythons
  5 bats
  11 endoplasms
  2 giant cockroaches
  8 goblins
  5 hobgoblins
  9 jackals
  14 kobolds
  5 quokkas
  4 frilled lizards
  A rat (D:3)
  A bush (D:4)
626 creatures vanquished.

Vanquished Creatures (collateral kills)
  Nessos (Lair:5)
  3 anacondas
  A merfolk avatar (Shoals:1)
  A hydra (Lair:4)
  A two-headed ogre (D:15)
  A centaur warrior (D:14)
  2 naga warriors
  An orc high priest (Orc:2)
  2 naga sharpshooters (Snake:1)
  2 skeletal warriors (D:14)
  2 sea snakes
  A naga ritualist (Snake:3)
  3 orc knights
  2 deep elf pyromancers
  2 harpies (Shoals:1)
  A deep elf zephyrmancer (Orc:1)
  5 orc sorcerers (Orc:2)
  6 cyclopes
  2 ugly things
  2 manticores (D:15)
  A faun (Shoals:1)
  A salamander (Snake:3)
  4 elephants
  2 guardian serpents
  3 centaur zombies (D:14)
  8 black mambas
  A naga mage (Snake:3)
  3 cane toads
  An unseen horror (D:11)
  A komodo dragon (Lair:5)
  A rime drake (Lair:3)
  3 trolls
  2 merfolk (Shoals:1)
  3 slime creatures (D:12)
  A wind drake (Lair:5)
  3 dream sheep (Lair:5)
  3 blink frogs
  2 wraiths (D:11)
  A wyvern (Lair:5)
  21 yaks
  A fire elemental (Gauntlet)
  2 hogs (D:14)
  A basilisk (D:14)
  A steam dragon (Lair:1)
  7 nagas
  7 water moccasins
  A sky beast (D:7)
  7 orc warriors
  2 hornet zombies (D:14)
  An ogre (Orc:1)
  2 centaurs (Lair:2)
  5 wolves
  A kobold brigand (D:14)
  3 bullfrogs
  5 howler monkeys
  An electric eel (D:10)
  3 orc priests
  A jelly (Lair:5)
  4 orc wizards (Orc:2)
  2 hell rats (Lair:3)
  2 gnolls (D:9)
  10 orcs
  A kobold (D:14)
176 creatures vanquished.

Vanquished Creatures (others)
  An orc priest (Orc:2)
  An ancestor (D:8)
  17 battlemagi
  A bush (D:4)
  24 demonic plants (Gauntlet)
  19 fungi
  50 plants
113 creatures vanquished.

Grand Total: 915 creatures vanquished

Notes
Turn   | Place    | Note
-------+----------+-------------------------------------------
     0 | D:1      | porpoise the Demonspawn Gladiator began the quest for the
                  | Orb.
     0 | D:1      | Reached XP level 1. HP: 16/16 MP: 1/1
   287 | D:1      | Gained mutation: Your touch may inflict minor irresistible
                  | damage on your foes. [demonic ancestry]
   287 | D:1      | Reached XP level 2. HP: 22/22 MP: 2/2
   578 | D:1      | Found a faded altar of an unknown god.
   585 | D:1      | Got Plato's Monograph on Beguiling
  1508 | D:2      | Reached XP level 3. HP: 28/28 MP: 3/3
  2578 | D:3      | Gained mutation: Your demonic aura sometimes causes spilled
                  | blood to erupt in flames. [demonic ancestry]
  2578 | D:3      | Reached XP level 4. HP: 29/34 MP: 4/4
  2583 | D:3      | Reached skill level 3 in Fighting
  3088 | D:3      | Noticed Natasha
  3094 | D:3      | Killed Natasha
  3095 | D:3      | Gained mutation: Your touch may inflict irresistible damage
                  | on your foes. [demonic ancestry]
  3095 | D:3      | Reached XP level 5. HP: 37/41 MP: 5/5
  3222 | D:3      | Noticed Natasha
  3226 | D:3      | Killed Natasha
  3533 | D:3      | Reached skill level 5 in Polearms
  3780 | D:4      | Gained mutation: You are partially covered in molten
                  | scales. (AC +2) [demonic ancestry]
  3780 | D:4      | Reached XP level 6. HP: 40/48 MP: 6/6
  3786 | D:4      | Reached skill level 4 in Fighting
  4248 | D:4      | Found a blossoming altar of Fedhas.
  4309 | D:4      | Reached skill level 1 in Armour
  4309 | D:4      | Reached XP level 7. HP: 53/55 MP: 7/7
  4325 | D:4      | Reached skill level 5 in Fighting
  4430 | D:5      | Entered Level 5 of the Dungeon
  4691 | D:5      | Reached skill level 6 in Fighting
  4709 | D:5      | Gained mutation: You are mostly covered in molten scales.
                  | (AC +3) [demonic ancestry]
  4709 | D:5      | Reached XP level 8. HP: 64/64 MP: 8/8
  5100 | D:6      | Found a bloodstained altar of Trog.
  5177 | D:6      | Noticed Pikel
  5183 | D:6      | Killed Pikel
  5184 | D:6      | Reached skill level 7 in Fighting
  5184 | D:6      | Reached skill level 5 in Armour
  5184 | D:6      | Reached skill level 1 in Evocations
  5365 | D:6      | Found a staircase to the Ecumenical Temple.
  5379 | Temple   | Entered the Ecumenical Temple
  5476 | D:6      | Reached XP level 9. HP: 72/72 MP: 9/9
  5660 | D:6      | Found a shadowy altar of Dithmenos.
  5676 | D:6      | Found an iron altar of Okawaru.
  5891 | D:6      | Found a broken altar of Ashenzari.
  5891 | D:6      | Found an ancient bone altar of Kikubaaqudgha.
  5897 | D:6      | Found a hazy altar of Hepliaklqana.
  5899 | D:6      | Found an opulent altar of Gozag.
  5900 | D:6      | Found a radiant altar of Vehumet.
  5905 | D:6      | Became a worshipper of Hepliaklqana the Forgotten
  6018 | D:6      | Reached skill level 8 in Fighting
  6622 | D:7      | Reached skill level 5 in Dodging
  6799 | D:5      | Reached skill level 5 in Evocations
  7071 | D:7      | Reached skill level 9 in Fighting
  7202 | D:7      | Reached * piety under Hepliaklqana
  7230 | D:7      | Found a runed translucent door.
  7231 | D:7      | Noticed Crazy Yiuf
  7239 | D:7      | Killed Crazy Yiuf
  7769 | D:8      | Noticed a troll
  7774 | D:8      | Killed a troll
  7775 | D:8      | Gained mutation: You are partially covered in sharp spines.
                  | [demonic ancestry]
  7775 | D:8      | Reached XP level 10. HP: 72/74 MP: 10/10
  7802 | D:8      | Noticed a boulder beetle
  7811 | D:8      | Killed a boulder beetle
  7917 | D:8      | Noticed a deep elf pyromancer
  7921 | D:8      | Killed a deep elf pyromancer
  8333 | D:8      | Reached skill level 10 in Fighting
  9082 | D:9      | Reached ** piety under Hepliaklqana
  9084 | D:9      | Remembered your ancestor Nikki as a battlemage
  9132 | D:9      | Found Yriu's Assorted Antiques.
  9161 | D:9      | Noticed a two-headed ogre
  9166 | D:9      | Killed a two-headed ogre
  9169 | D:9      | Bought a sharpened lead wand for 100 gold pieces
  9169 | D:9      | Bought a lumpy amethyst potion for 22 gold pieces
  9390 | D:9      | Reached XP level 11. HP: 70/82 MP: 11/11
  9637 | D:10     | Entered Level 10 of the Dungeon
  9661 | D:10     | Reached skill level 10 in Polearms
  9896 | D:10     | Reached skill level 11 in Fighting
  9964 | D:10     | Found a staircase to the Lair.
 10193 | D:10     | Found Kuah's Tremendous Tomes.
 10207 | D:10     | Learned a level 2 spell: Wereblood
 10538 | Lair:1   | Entered Level 1 of the Lair of Beasts
 10810 | Lair:1   | Reached *** piety under Hepliaklqana
 10818 | Lair:1   | Noticed Gastronok
 10834 | Lair:1   | Killed Gastronok
 11100 | Lair:1   | Identified the +7 halberd of Xetonaut {flame, rCorr}
 11885 | Lair:2   | Reached **** piety under Hepliaklqana
 11903 | Lair:2   | Reached skill level 12 in Fighting
 11909 | Lair:2   | Gained mutation: Your touch may irresistibly damage your
                  | foes and sap their willpower. [demonic ancestry]
 11909 | Lair:2   | Reached XP level 12. HP: 86/91 MP: 12/12
 11912 | Lair:2   | Reached skill level 1 in Invocations
 12208 | Lair:2   | Found a staircase to the Shoals.
 12526 | Lair:2   | Reached skill level 5 in Invocations
 12545 | Lair:2   | Found a staircase to the Snake Pit.
 12611 | Lair:2   | Identified the +10 sling of Objectivity {flame, *Slow rElec
                  | rC+++ Dex+2}
 13128 | Lair:3   | Found a gate leading to a gauntlet.
 13137 | Gauntlet | Entered a Gauntlet
 13137 | Gauntlet | Found a transporter.
 13137 | Gauntlet | Found a transporter.
 13168 | Gauntlet | Found a transporter.
 13171 | Gauntlet | Found a transporter.
 13171 | Gauntlet | Found a transporter.
 13171 | Gauntlet | Found a transporter.
 13181 | Gauntlet | Found a transporter.
 13185 | Gauntlet | Found a transporter.
 13187 | Gauntlet | Found a large runed translucent door.
 13188 | Gauntlet | Found a large runed translucent door.
 13189 | Gauntlet | Found a large runed translucent door.
 13189 | Gauntlet | Found a large runed translucent door.
 13189 | Gauntlet | Found a runed translucent door.
 13190 | Gauntlet | Found a large runed translucent door.
 13191 | Gauntlet | Found a large runed translucent door.
 13192 | Gauntlet | Found a large runed translucent door.
 13192 | Gauntlet | Found a large runed translucent door.
 13193 | Gauntlet | Found a runed translucent gate.
 13195 | Gauntlet | Found a transporter.
 13198 | Gauntlet | Noticed a balrug
 13298 | Gauntlet | Found a transporter.
 13301 | Gauntlet | Found a transporter.
 13303 | Gauntlet | Found a large runed translucent door.
 13304 | Gauntlet | Found a large runed translucent door.
 13305 | Gauntlet | Found a large runed translucent door.
 13305 | Gauntlet | Found a large runed translucent door.
 13305 | Gauntlet | Found a runed translucent door.
 13306 | Gauntlet | Found a large runed translucent door.
 13307 | Gauntlet | Found a large runed translucent door.
 13308 | Gauntlet | Found a large runed translucent door.
 13308 | Gauntlet | Found a large runed translucent door.
 13309 | Gauntlet | Found a runed translucent gate.
 13309 | Gauntlet | Found a runed translucent gate.
 13311 | Gauntlet | Found a transporter.
 13607 | Gauntlet | Identified the +5 cloak "Koplydgha" {Str-3 Int+5}
 13631 | Gauntlet | Gained mutation: Your body sometimes deteriorates upon
                  | taking damage. [a neqoxec]
 13856 | Gauntlet | Lost mutation: Your body sometimes deteriorates upon taking
                  | damage. [potion of mutation]
 13856 | Gauntlet | Gained mutation: You expend magic power (3 MP) to
                  | strengthen your wands. [potion of mutation]
 13856 | Gauntlet | Gained mutation: You have large cloven feet. [potion of
                  | mutation]
 13882 | Gauntlet | Noticed a minotaur
 13898 | Gauntlet | Killed a minotaur
 14197 | Lair:3   | Lost mutation: You have large cloven feet. [potion of
                  | mutation]
 14197 | Lair:3   | Lost mutation: You expend magic power (3 MP) to strengthen
                  | your wands. [potion of mutation]
 14197 | Lair:3   | Gained mutation: Your flesh is cold resistant. (rC+)
                  | [potion of mutation]
 14197 | Lair:3   | Gained mutation: You passively dampen the noise of your
                  | surroundings. [potion of mutation]
 15014 | Lair:4   | Reached XP level 13. HP: 97/97 MP: 18/18
 15381 | Lair:4   | Reached ***** piety under Hepliaklqana
 15989 | Lair:5   | Entered Level 5 of the Lair of Beasts
 16362 | Lair:5   | Found a staircase to the Slime Pits.
 16362 | Lair:5   | Found a viscous altar of Jiyva.
 16365 | Lair:5   | Noticed Nessos
 16380 | Lair:5   | Killed Nessos
 16585 | Lair:5   | Reached skill level 13 in Fighting
 16899 | Lair:5   | Reached skill level 14 in Fighting
 16899 | Lair:5   | Gained mutation: You are completely covered in molten
                  | scales. (AC +4, rF+) [demonic ancestry]
 16899 | Lair:5   | Reached XP level 14. HP: 40/108 MP: 20/20
 17240 | Lair:5   | Reached skill level 15 in Fighting
 18429 | Lair:5   | Identified the +2 chain mail "Ejaithriq" {+Inv Dex-4 Slay-2
                  | SInv}
 18771 | D:11     | Identified the +4 scale mail of Gestures {rPois Dex+2
                  | Stlth+}
 19064 | D:11     | Found Kiepuz Wem's Weapon Shoppe.
 19072 | D:11     | Found a staircase to the Orcish Mines.
 19552 | D:12     | Noticed Snorg
 19559 | D:12     | Killed Snorg
 21096 | D:13     | Reached ****** piety under Hepliaklqana
 21374 | D:13     | Found a gate to the Vaults.
 21819 | D:13     | Reached skill level 10 in Invocations
 22068 | D:13     | Reached XP level 15. HP: 116/116 MP: 22/22
 23125 | D:14     | Noticed Kirke
 23136 | D:14     | Noticed a sphinx
 23138 | D:14     | Killed Kirke
 23335 | D:14     | Found a basalt altar of Yredelemnul.
 23742 | D:14     | Reached skill level 1 in Spellcasting
 24257 | D:15     | Entered Level 15 of the Dungeon
 24257 | D:15     | Noticed Agnes
 24262 | D:15     | Killed Agnes
 24563 | D:15     | Reached skill level 1 in Transmutations
 24600 | D:15     | Found Qathroraxt's Assorted Antiques.
 24605 | D:15     | Bought a scroll labelled ZUCZIN WUSMO for 31 gold pieces
 24605 | D:15     | Bought a potion of heal wounds for 155 gold pieces
 24605 | D:15     | Bought a notched sapphire ring for 155 gold pieces
 24642 | D:15     | Found Lubus's General Store.
 24651 | D:15     | Bought a potion of curing for 33 gold pieces
 24651 | D:15     | Bought a potion of invisibility for 88 gold pieces
 24814 | D:15     | Found a staircase to the Depths.
 25653 | Orc:1    | Entered Level 1 of the Orcish Mines
 25879 | Orc:1    | Noticed an orc warlord
 25885 | Orc:1    | Reached skill level 10 in Armour
 25885 | Orc:1    | Reached skill level 10 in Dodging
 25886 | Orc:1    | Killed an orc warlord
 25887 | Orc:1    | Reached skill level 1 in Ranged Weapons
 26324 | Orc:2    | Entered Level 2 of the Orcish Mines
 26692 | Orc:2    | Found a staircase to the Elven Halls.
 27189 | Orc:2    | Gained mutation: Your demonic aura often causes spilled
                  | blood to erupt in flames. [demonic ancestry]
 27189 | Orc:2    | Reached XP level 16. HP: 71/121 MP: 25/25
 27680 | Orc:2    | Found Yshry's Antique Weapon Emporium.
 27680 | Orc:2    | Found Biffi's Armour Boutique.
 27682 | Orc:2    | Found Sag Tong's Magic Scroll Emporium.
 27682 | Orc:2    | Found Igyan's Assorted Antiques.
 27692 | Orc:2    | Bought an inky potion for 23 gold pieces
 27692 | Orc:2    | Bought an inky potion for 23 gold pieces
 27693 | Orc:2    | Bought a slimy wooden ring for 130 gold pieces
 27693 | Orc:2    | Identified the ring of the Moon {Will+ Str+6 Int+3 SInv}
                  | (You bought it in a shop on level 2 of the Orcish Mines)
 27695 | Orc:2    | Bought a dazzling broad axe for 234 gold pieces
 27695 | Orc:2    | Identified the +5 broad axe of Urgency {drain, Str+3
                  | Stlth+} (You bought it in a shop on level 2 of the Orcish
                  | Mines)
 27695 | Orc:2    | Bought a potion of curing for 78 gold pieces
 27699 | Orc:2    | Bought the +6 scale mail of Kikubaaqudgha's Esteem {rPois
                  | rF- Will- Regen+} for 510 gold pieces
 27847 | Lair:1   | Upgraded the game from 0.30-a0-2-gf48d83f5e2 to
                  | 0.30-a0-4-ga7cffc901d
 27932 | Snake:1  | Entered Level 1 of the Snake Pit
 28450 | Snake:1  | Reached skill level 5 in Transmutations
 28498 | Snake:1  | Reached skill level 1 in Axes
 29496 | Snake:2  | Reached skill level 5 in Ranged Weapons
 31764 | Snake:3  | Reached skill level 5 in Spellcasting
 32060 | Snake:3  | Found the +7 Singing Sword {vorpal, sonic wave}
 32074 | Snake:3  | Found Rih Ydas's Armour Shop.
 32531 | Snake:3  | Noticed Bai Suzhen
 32533 | Snake:3  | Noticed Vashnia
 33120 | Snake:2  | Killed Bai Suzhen
 33702 | Lair:1   | Acquired 975 gold pieces
 33738 | Shoals:1 | Entered Level 1 of the Shoals
 33759 | Shoals:1 | Reached skill level 5 in Axes
 34225 | Shoals:1 | HP: 3/122 [poisoned by a sea snake]
 34225 | Shoals:1 | Slain by a water elemental

Illustrated notes

Levels and vault maps discovered:
D:1:      spicycebolla_arrival_transporter_tutorial, layout_loops_corners,
          shapermc_ecumenical_altar_rom_forum
D:2:      layout_loops_ring, chequers_decorated_corner
D:3:      minmay_skewed_foursquare, layout_loops_ring, uniq_natasha
D:4:      layout_rooms, fedhas_altar_decomposition, kennysheep_generic_room_11
D:5:      layout_gridville
D:6:      layout_loops_ring, chequers_temple_overflow_minitemple,
          trog_three_pillars_becter, jmf_multi_god_temple,
          nicolae_overflow_crystal_walls, minmay_temple_entry_statues,
          nicolae_fountain_basement, uniq_pikel
D:7:      layout_cave_pools, mainiacjoe_overflow_six_doors_small,
          serial_gnoll_camp, gnoll_camp_mini_doghouse, gnoll_camp_mini_house,
          gnoll_camp_mini_basic, gnoll_camp_mini_basic,
          chequers_serial_rivers_large_b, uniq_crazy_yiuf_cottage
D:8:      layout_cave_pods, kb_rosetta
D:9:      layout_long_grid, serial_shops, nicolae_shop_statue_plus,
          kennysheep_crisscross
D:10:     layout_small_grid, erik_lair_island, minmay_misc_feat_more_columns,
          nicolae_shop_i_like_big_books
D:11:     layout_rooms, orc_david_3
D:12:     layout_gridville, minmay_sticks_and_stones, uniq_snorg
D:13:     layout_layer_cave, lightli_vaults_fourway_checkpoint
D:14:     layout_rooms, nicolae_elevator_lobby_asterisk, st_stairs_12,
          nicolae_yredelemnul_corpse_copse, uniq_kirke
D:15:     grunt_enter_depths_snipers, layout_cave_pools, serial_shops, shop,
          shop_statue, uniq_agnes
Temple:   minmay_freezing_vapour_temple
Lair:1:   layout_gridlike, chequers_serial_rivers_micro_d, beast_lair_carwin_3,
          uniq_gastronok
Lair:2:   layout_regular_city, minmay_shoals_entry_centaurs,
          guppyfry_snake_entry_garden, serial_bayou_shore_b, grunt_megastairs_4
Lair:3:   layout_cave_pods, gauntlet_entry_generic, grunt_megastairs_3
Lair:4:   layout_misc_corridors, serial_bayou_shore_a
Lair:5:   gammafunk_lair_ancient_temple, layout_regular_city,
          nicolae_slime_entry_slimehenge, grunt_megastairs_5, uniq_nessos
Shoals:1: cheibrodos_shoals_three_sisters, layout_shoals, uniq_josephine
Snake:1:  layout_cave_pods, nicolae_snake_gridmaze_tees
Snake:2:  layout_layer_cave
Snake:3:  layout_misc_corridors, serial_shops, shop, basic_altar,
          gammafunk_ghost_grave, uniq_vashnia, uniq_bai_suzhen
Orc:1:    layout_caves, elf_legates
Orc:2:    grunt_orc_tribal_feast, layout_caves

Skill      XL: |  1  2  3  4  5  6  7  8  9 10 11 12 13 14 15 16 |
---------------+-------------------------------------------------+-----
Polearms       | 3 4 5 6 7 9 12 14 | 14.0
Fighting       | 3 4 6 7 9 10 12 14 15 | 15.0
Armour         | 1 3 5 6 7 9 10 | 10.0
Dodging        | 3 5 7 9 10 | 10.0
Evocations     | 2 5 7 9 |  9.0
Invocations    | 7 9 10 12 | 12.0
Spellcasting   | 3 5 |  5.0
Transmutations | 4 6 |  6.1
Ranged Weapons | 3 7 |  7.7
Axes           | 5 |  5.2
Throwing       | |  1.7

Action                   |  1- 3 |  4- 6 |  7- 9 | 10-12 | 13-15 | 16-18 || total
-------------------------+-------+-------+-------+-------+-------+-------++-------
Melee: Trident           |   103 |   189 |   321 |   438 |   704 |   285 ||  2040
       Touch             |     5 |    29 |    42 |    82 |   138 |    51 ||   347
       Punch             |       |     1 |     3 |    11 |    10 |     5 ||    30
       Broad axe         |       |       |       |       |       |    12 ||    12
 Fire: Sling             |     1 |       |       |    16 |   166 |    24 ||   207
Throw: Dart              |       |       |       |       |     5 |       ||     5
Invok: Ancestor Identity |       |       |     1 |       |       |       ||     1
       Ancestor Life: Ba |       |       |       |     1 |       |       ||     1
       Idealise          |       |       |       |       |     2 |       ||     2
       Recall Ancestor   |       |       |       |       |       |     1 ||     1
Evoke: Wand              |       |       |       |     7 |    16 |     6 ||    29
       Condenser vane    |       |       |       |       |     4 |     2 ||     6
       Box of beasts     |       |       |       |       |     1 |     1 ||     2
  Use: Scroll            |       |     9 |     9 |    10 |     3 |    12 ||    43
       Potion            |       |       |       |     4 |     8 |     7 ||    19
 Stab: Sleeping          |     2 |       |       |     1 |     4 |       ||     7
       Distracted        |       |       |       |     6 |    12 |     5 ||    23
       Petrified         |       |       |       |       |    10 |       ||    10
Armor: Leather armour    |    24 |     7 |       |       |       |       ||    31
       Ring mail         |       |    49 |   115 |     8 |   105 |     7 ||   284
       Acid dragon scale |       |       |       |    75 |   112 |       ||   187
       Chain mail        |       |       |       |       |       |    79 ||    79
       Storm dragon scal |       |       |       |       |       |    29 ||    29
Dodge: Dodged            |    38 |    66 |   156 |   148 |   293 |   107 ||   808

Table legend: (Time is in decaauts)
 A = Elapsed time spent in this place.
 B = Non-inter-level travel time spent in this place.
 C = Inter-level travel time spent in this place.
 D = Time resting spent in this place.
 E = Time spent auto-exploring this place.
 F = Levels seen in this place.
 G = Mean time per level.
                   A        B        C        D        E       F      G
               +--------+--------+--------+--------+--------+-----+--------+
         Total |  33895 |  32215 |   1680 |  11601 |  14869 |  28 | 1210.5 |
       Dungeon |  17269 |  16480 |    789 |   5015 |   8400 |  15 | 1151.3 |
        Temple |     19 |     19 |      0 |      0 |      0 |   1 |   19.0 |
          Lair |   7497 |   6807 |    690 |   2117 |   3291 |   5 | 1499.4 |
        Shoals |    473 |    473 |      0 |    391 |     14 |   1 |  473.0 |
     Snake Pit |   5569 |   5432 |    137 |   2825 |   2102 |   3 | 1856.3 |
  Orcish Mines |   2094 |   2032 |     62 |    729 |    857 |   2 | 1047.0 |
      Gauntlet |    972 |    972 |      0 |    524 |    205 |   1 |  972.0 |
               +--------+--------+--------+--------+--------+-----+--------+

Top non-repeatable levels by time:
 Snake:1: 2802 daAuts
 Snake:2: 2545 daAuts
  Lair:5: 2392 daAuts
  Lair:1: 1888 daAuts
    D:13: 1822 daAuts
    D:12: 1684 daAuts
     D:1: 1504 daAuts
     D:7: 1357 daAuts
   Orc:2: 1353 daAuts
    D:14: 1306 daAuts
  Lair:2: 1290 daAuts
     D:3: 1161 daAuts
     D:6: 1159 daAuts
    D:15: 1130 daAuts
     D:2: 1055 daAuts
